Workbook
Name Excel_BuiltIn_Print_Area_6: #REF!

Sheet title
E2: SCOTTISH CHARITY NO. SC 029555
A16: GHOUSIA WELFARE TRUST
A17: ACCOUNTS FOR THE PERIOD 31 DECEMBER 2025
A42: ACCOUN and TAX Ltd

Sheet GENERAL INFORMATION
A1: =title!A16 -> GHOUSIA WELFARE TRUST
A2: =title!A17 -> ACCOUNTS FOR THE PERIOD 31 DECEMBER 2025
A5: =title!E2 -> SCOTTISH CHARITY NO. SC 029555
A8: TRUSTEES
A10: Mr | B10: Imran Mir
A11: Mr | B11: Hafiz Abdul Ghafoor
A12: Mr | B12: Muhammad Hamza Ghafoor
A13: Mr | B13: Ulfat - Ullah Malik
A15: PRINCIPAL OFFICE
A18: 80 Wakefield Avenue
A19: Edinburgh
A20: Eh7 6Tw
A22: TEL: | B22: 0044 7787526413

Sheet CONTENTS
A1: =title!A16 -> GHOUSIA WELFARE TRUST
A2: =title!A17 -> ACCOUNTS FOR THE PERIOD 31 DECEMBER 2025
A4: CONTENTS | G4: Page
A6: COMMITTEE'S REPORT | G6: 3
A8: INDEPENDENT EXAMINER'S REPORT | G8: 4
A10: STATEMENT OF FINANCIAL ACTIVITIES | G10: 5
A12: BALANCE SHEET | G12: 6
A14: NOTES TO THE ACCOUNTS | G14: 7

Sheet TRUSTEES' REPORT
A1: =title!A16 -> GHOUSIA WELFARE TRUST
A2: ='GENERAL INFORMATION'!A5 -> SCOTTISH CHARITY NO. SC 029555
A3: =title!A17 -> ACCOUNTS FOR THE PERIOD 31 DECEMBER 2025
A5: TRUSTEES' REPORT
A7: Principal Office
A8: 80 Wakefield Avenue
A9: Edinburgh
A10: Eh7 6Tw
A12: Current trustees
A14: Mr | B14: Imran Mir
A15: Mr | B15: Ulfat Ullah Malak
A16: Mr | B16: Hafiz Abdul Ghafoor
A17: Mr | B17: Muhammad Hamza Ghafoor
A19: Trust set-up and registration with OSCR
A20: The trust was set up and registered at 20 September 1999
A23: Appointment of trustees
A24: The trustees are appointed to stay in office until further election by members of the charity.
A26: Governing document
A27: The association is a charitable body and the purposes and administration arrangements are set
A28: out in our constitution.
A30: Charitable purposes
A31: Our purpose, as recorded in our constitution, is to provide Islamic education to the community
A32: by using modern teaching rechniques.
A34: Activities and achievements
A35: During the period, we provide community education get to gether with olders and in Pakistan we run school of about 200 students.
... A40: General funds
A41: As a result of the surplus of | D41: =SOFA!C38 -> 4010 | E41: for the year, the committee held unrestricted funds of | H41: ='BALANCE SHEET'!C27 -> 173464.21
A42: at the period end.
A45: Approved by the committee and signed on their behalf.
A51: Hafiz Abdul Ghafoor | E51: August 13, 2026
A52: Trustee

Sheet Accountant's  Report
A1: =title!A16 -> GHOUSIA WELFARE TRUST
A2: ='GENERAL INFORMATION'!A5 -> SCOTTISH CHARITY NO. SC 029555
A3: =title!A17 -> ACCOUNTS FOR THE PERIOD 31 DECEMBER 2025
A5: INDEPENDENT EXAMINER'S REPORT TO THE COMMITTEE
A7: I report on the accounts of the charity for the period ended 31 December 2025 which are set out on
A8: pages 5 to 7.
A10: Respective responsibilities of trustees and examiner
A12: The charity’s committee is responsible for the preparation of the accounts in accordance with the
A13: terms of the Charities and Trustee Investment (Scotland) Act 2005 and the Charities Accounts
A14: (Scotland) Regulations 2006. The charity committee considers that the audit requirement under
A15: Regulation 10(1) (d) of the Accounts Regulations does not apply. It is my responsibility to examine
A16: the accounts as required under section 44(1) (c) of the Act and to state whether particular matters
A17: have come to my attention.
A19: Basis of independent examiner’s statement
A21: My examination is conducted in accordance with Regulation 11 of the Charities Accounts (Scotland)
... A37: 2006 Accounts Regulations
E43: ='TRUSTEES'' REPORT'!E51 -> August 13, 2026
A44: Account and Tax Ltd
A45: 4 Redheughs Rigg, Westpoint
A46: Edinburgh
A47: EH2 5Dq

Sheet SOFA
A1: =title!A16 -> GHOUSIA WELFARE TRUST
A2: ='GENERAL INFORMATION'!A5 -> SCOTTISH CHARITY NO. SC 029555
A3: =title!A17 -> ACCOUNTS FOR THE PERIOD 31 DECEMBER 2025
A5: STATEMENT OF FINANCIAL ACTIVITIES (SOFA)
C6: 2025 | E6: 2024
C7: £ | E7: £
A8: Incoming resources
A9: Donations | C9: ='TRIAL BALANCE'!R23 -> 850 | E9: 810
A10: Rental Income | C10: =SUM('TRIAL BALANCE'!R25) -> 5160 | E10: 10499
C11: =SUM(C9:C10) -> 6010 | E11: 11309
A12: Flate sale | C12: =SUM(BANK!P10) -> 0 | E12: 0
C13: =SUM(C11:C12) -> 6010 | E13: 11309
A15: Resources expended
A16: Cost of generating donations
A17: Donation Transferred to pakistan | C17: =SUM('TRIAL BALANCE'!Q32) -> 2000 | E17: 2000
A18: Expenses reimbursed | C18: ='TRIAL BALANCE'!Q30 -> 0 | E18: 0
A19: Course material & stationery | C19: ='TRIAL BALANCE'!Q46 -> 0 | E19: 0
A20: Classroom hire | C20: ='TRIAL BALANCE'!Q34 -> 0 | E20: 0
A21: Premises costs | C21: ='TRIAL BALANCE'!Q38 -> 0 | E21: 0
A22: Telecom | C22: ='TRIAL BALANCE'!Q42 -> 0 | E22: 0
A23: Heat & light | C23: ='TRIAL BALANCE'!Q44 -> 0 | E23: 0
C24: =SUM(C17:C23) -> 2000 | E24: 2000
A25: Cost of charitable activities
A26: Other community programmes | C26: ='TRIAL BALANCE'!Q50 -> 0 | E26: 0
A27: Insurance | C27: ='TRIAL BALANCE'!Q36 -> 0 | E27: 0
A28: Maintenance | C28: ='TRIAL BALANCE'!Q53 -> 0 | E28: 0
A29: Donations Earth quick Turkey | C29: 0 | E29: 0
A30: Fasting meal arrangements | C30: 0 | E30: 0
A31: Professional Fee | C31: 0 | E31: 0
A32: Bank & credit card charges | C32: ='TRIAL BALANCE'!Q65 -> 0 | E32: 0
A33: Miscellaneous | C33: 0 | E33: 0
C34: =SUM(C26:C33) -> 0 | E34: 0
C36: =SUM(C24,C34) -> 2000 | E36: 2000
A38: SURPLUS FOR THE PERIOD | C38: =C13-C36 -> 4010 | E38: 9309
A42: All funds are unrestricted.
A45: Reconciliation of SOFA to the balance sheet funds
A46: Opening general funds | C46: ='TRIAL BALANCE'!D4 -> 169454.21 | E46: 47992.65
A47: Surplus for the year (SOFA) | C47: =SOFA!C38 -> 4010 | E47: 121461.56
A49: Closing general funds per balance sheet | C49: =SUM(C46:C47) -> 173464.21 | E49: 169454.21

Sheet BALANCE SHEET
A1: =title!A16 -> GHOUSIA WELFARE TRUST
A2: ='GENERAL INFORMATION'!A5 -> SCOTTISH CHARITY NO. SC 029555
A3: =title!A17 -> ACCOUNTS FOR THE PERIOD 31 DECEMBER 2025
A5: BALANCE SHEET
C6: 2025 | E6: 2024
B7: Note | C7: £ | E7: £
A8: Fixed assets
A9: Land & buildings | B9: -2 | C9: ='TRIAL BALANCE'!Q7 -> 0
A11: Current assets
A12: Bank account | B12: -2 | C12: ='TRIAL BALANCE'!Q11 -> 182773.21 | E12: 169454.21
A13: Cash | C13: ='TRIAL BALANCE'!Q15 -> 0 | E13: 0
C15: =SUM(C12:C13) -> 182773.21 | E15: 169454.21
A17: Creditors due within one year
A18: Community loans | B18: -3 | C18: ='TRIAL BALANCE'!R20 -> 0 | E18: 0
A20: NET CUURENT ASSETS | C20: =C15-C18 -> 182773.21 | E20: 169454.21
A22: NET ASSETS | C22: =SUM(C9,C20) -> 182773.21 | E22: 169454.21
A25: Represented by:
A27: GENERAL FUNDS | C27: =SUM(SOFA!C46:C47) -> 173464.21 | E27: 169454.21
A31: All funds are unrestricted.
A34: Approved by the committee and signed on their behalf.
A40: Hafiz Abdul Ghafoor | C40: ='Accountant''s Report'!E43 -> August 13, 2026
A41: Trustee

Sheet NOTES TO THE ACCOUNTS
A1: =title!A16 -> GHOUSIA WELFARE TRUST
A2: ='GENERAL INFORMATION'!A5 -> SCOTTISH CHARITY NO. SC 029555
A3: =title!A17 -> ACCOUNTS FOR THE PERIOD 31 DECEMBER 2025
A5: NOTES TO THE ACCOUNTS
A8: 1 | B8: Basis of preparation of accounts
B9: The accounts have been prepared under the historical cost convention on the 'accruals basis'.
A11: 2 | B11: Cash & bank | E11: 2025 | F11: 2024
E12: £ | F12: £
B14: Bank | E14: =F32 -> 178763.21 | F14: 169454.21
B15: Cash | E15: =F33 -> 0 | F15: 0
B17: Opening balance | E17: =SUM(E14:E15) -> 178763.21 | F17: 169454.21
B20: Add:
B21: Surplus for the period | E21: =SOFA!C38 -> 4010 | F21: 9309
E23: =SUM(E21:E22) -> 4010 | F23: 9309
B24: Less:
B25: Capital expenditure | E25: =SUM(F25:F25) -> 0 | F25: 0
B26: Community loans repaid | E26: =SUM(F26:F26) -> 0 | F26: 0
E27: =SUM(E25:E26) -> 0 | F27: 0
B30: Closing balance | E30: 9309 | F30: 9309
B32: Bank | E32: ='TRIAL BALANCE'!Q11 -> 182773.21 | F32: 178763.21
B33: Cash | E33: ='TRIAL BALANCE'!Q15 -> 0 | F33: 0

Sheet TRIAL BALANCE
C1: Opening balance | E1: BANK | G1: CASH EXPS | I1: WORKINGS | L1: Journals | O1: Final | Q1: Closing TB | V1: Closing TB
C2: £ | D2: £ | E2: £ | F2: £ | G2: £ | H2: £ | I2: £ | J2: £ | L2: £ | M2: £ | O2: £ | P2: £ | Q2: £ | R2: £ | V2: £ | W2: £
A3: GENERAL FUND
A4: Opening balance | C4: 0 | D4: ='BALANCE SHEET'!E27 -> 169454.21 | O4: =SUM(C4:C5,E4:E5,I4:I5,L4:L5,G4:G5) -> 0 | P4: =SUM(D4:D5,F4:F5,J4:J5,M4:M5,H4:H5) -> 169454.21 | Q4: =IF(O4-P4>0,O4-P4,0) -> 0 | R4: =IF(O4-P4<0,P4-O4,0) -> 169454.21 | V4: 0 | W4: 47992.65
A6: ASSETS & LIABILITIES
A7: Land & buildings | C7: 0 | D7: 0 | O7: =SUM(C7:C8,E7:E8,I7:I8,L7:L8,G7:G8) -> 0 | P7: =SUM(D7:D8,F7:F8,J7:J8,M7:M8,H7:H8) -> 0 | Q7: =IF(O7-P7>0,O7-P7,0) -> 0 | R7: =IF(O7-P7<0,P7-O7,0) -> 0 | V7: 0 | W7: 0
A9: F, F & Eq | C9: 0 | D9: 0 | O9: =SUM(C9:C10,E9:E10,I9:I10,L9:L10,G9:G10) -> 0 | P9: =SUM(D9:D10,F9:F10,J9:J10,M9:M10,H9:H10) -> 0 | Q9: =IF(O9-P9>0,O9-P9,0) -> 0 | R9: =IF(O9-P9<0,P9-O9,0) -> 0 | V9: 0 | W9: 0
A11: Bank | C11: =SUM(BANK!L4) -> 178763.21 | D11: 0 | E11: =SUM(BANK!E17) -> 6010 | F11: =SUM(BANK!B34) -> 2000 | O11: =SUM(C11:C14,E11:E14,I11:I14,L11:L14,G11:G14) -> 184773.21 | P11: =SUM(D11:D14,F11:F14,J11:J14,M11:M14,H11:H14) -> 2000 | Q11: =IF(O11-P11>0,O11-P11,0) -> 182773.21 | R11: =IF(O11-P11<0,P11-O11,0) -> 0 | V11: 47992.65 | W11: 0
A15: Cash | C15: 0 | D15: 0 | O15: =SUM(C15:C17,E15:E17,I15:I17,L15:L17,G15:G17) -> 0 | P15: =SUM(D15:D17,F15:F17,J15:J17,M15:M17,H15:H17) -> 0 | Q15: =IF(O15-P15>0,O15-P15,0) -> 0 | R15: =IF(O15-P15<0,P15-O15,0) -> 0 | V15: 0 | W15: 0
A18: Motor vehicle | C18: 0 | D18: 0 | O18: =SUM(C18:C19,E18:E19,I18:I19,L18:L19,G18:G19) -> 0 | P18: =SUM(D18:D19,F18:F19,J18:J19,M18:M19,H18:H19) -> 0 | Q18: =IF(O18-P18>0,O18-P18,0) -> 0 | R18: =IF(O18-P18<0,P18-O18,0) -> 0 | V18: 0 | W18: 0
A20: Qarze Hasna | C20: 0 | D20: 0 | O20: =SUM(C20:C21,E20:E21,I20:I21,L20:L21,G20:G21) -> 0 | P20: =SUM(D20:D21,F20:F21,J20:J21,M20:M21,H20:H21) -> 0 | Q20: =IF(O20-P20>0,O20-P20,0) -> 0 | R20: =IF(O20-P20<0,P20-O20,0) -> 0 | V20: 0 | W20: 0
A22: INCOME
A23: Donations | C23: 0 | D23: 0 | F23: =SUM(BANK!B17) -> 850 | O23: =SUM(C23:C24,E23:E24,I23:I24,L23:L24,G23:G24) -> 0 | P23: =SUM(D23:D24,F23:F24,J23:J24,M23:M24,H23:H24) -> 850 | Q23: =IF(O23-P23>0,O23-P23,0) -> 0 | R23: =IF(O23-P23<0,P23-O23,0) -> 850 | V23: 0 | W23: 1575
A25: Rental Income | C25: 0 | D25: 0 | F25: =SUM(BANK!C17) -> 5160 | O25: =SUM(C25:C26,E25:E26,I25:I26,L25:L26,G25:G26) -> 0 | P25: =SUM(D25:D26,F25:F26,J25:J26,M25:M26,H25:H26) -> 5160 | Q25: =IF(O25-P25>0,O25-P25,0) -> 0 | R25: =IF(O25-P25<0,P25-O25,0) -> 5160 | V25: 0 | W25: 10130
A27: Grants | C27: 0 | D27: 0 | O27: =SUM(C27:C28,E27:E28,I27:I28,L27:L28,G27:G28) -> 0 | P27: =SUM(D27:D28,F27:F28,J27:J28,M27:M28,H27:H28) -> 0 | Q27: =IF(O27-P27>0,O27-P27,0) -> 0 | R27: =IF(O27-P27<0,P27-O27,0) -> 0 | V27: 0 | W27: 0
A29: EXPENSES
A30: Expenses reimbursed | C30: 0 | D30: 0 | O30: =SUM(C30:C31,E30:E31,I30:I31,L30:L31,G30:G31) -> 0 | P30: =SUM(D30:D31,F30:F31,J30:J31,M30:M31,H30:H31) -> 0 | Q30: =IF(O30-P30>0,O30-P30,0) -> 0 | R30: =IF(O30-P30<0,P30-O30,0) -> 0 | V30: 0 | W30: 0
A32: Donations to Pk | C32: 0 | D32: 0 | E32: =SUM(BANK!D34) -> 2000 | O32: =SUM(C32:C33,E32:E33,I32:I33,L32:L33,G32:G33) -> 2000 | P32: =SUM(D32:D33,F32:F33,J32:J33,M32:M33,H32:H33) -> 0 | Q32: =IF(O32-P32>0,O32-P32,0) -> 2000 | R32: =IF(O32-P32<0,P32-O32,0) -> 0 | V32: 0 | W32: 0
A34: Classroom hire | C34: 0 | D34: 0 | O34: =SUM(C34:C35,E34:E35,I34:I35,L34:L35,G34:G35) -> 0 | P34: =SUM(D34:D35,F34:F35,J34:J35,M34:M35,H34:H35) -> 0 | Q34: =IF(O34-P34>0,O34-P34,0) -> 0 | R34: =IF(O34-P34<0,P34-O34,0) -> 0 | V34: 0 | W34: 0
A36: Insurance | C36: 0 | D36: 0 | O36: =SUM(C36:C37,E36:E37,I36:I37,L36:L37,G36:G37) -> 0 | P36: =SUM(D36:D37,F36:F37,J36:J37,M36:M37,H36:H37) -> 0 | Q36: =IF(O36-P36>0,O36-P36,0) -> 0 | R36: =IF(O36-P36<0,P36-O36,0) -> 0 | V36: 305.92 | W36: 0
A38: Premises costs | C38: 0 | D38: 0 | O38: =SUM(C38:C41,E38:E41,I38:I41,L38:L41,G38:G41) -> 0 | P38: =SUM(D38:D41,F38:F41,J38:J41,M38:M41,H38:H41) -> 0 | Q38: =IF(O38-P38>0,O38-P38,0) -> 0 | R38: =IF(O38-P38<0,P38-O38,0) -> 0 | V38: 0 | W38: 0
A42: Telephone | C42: 0 | D42: 0 | O42: =SUM(C42:C43,E42:E43,I42:I43,L42:L43,G42:G43) -> 0 | P42: =SUM(D42:D43,F42:F43,J42:J43,M42:M43,H42:H43) -> 0 | Q42: =IF(O42-P42>0,O42-P42,0) -> 0 | R42: =IF(O42-P42<0,P42-O42,0) -> 0 | V42: 0 | W42: 0
A44: H & L | C44: 0 | D44: 0 | O44: =SUM(C44:C45,E44:E45,I44:I45,L44:L45,G44:G45) -> 0 | P44: =SUM(D44:D45,F44:F45,J44:J45,M44:M45,H44:H45) -> 0 | Q44: =IF(O44-P44>0,O44-P44,0) -> 0 | R44: =IF(O44-P44<0,P44-O44,0) -> 0 | V44: 0 | W44: 0
A46: Coursework & stationery | C46: 0 | D46: 0 | O46: =SUM(C46:C47,E46:E47,I46:I47,L46:L47,G46:G47) -> 0 | P46: =SUM(D46:D47,F46:F47,J46:J47,M46:M47,H46:H47) -> 0 | Q46: =IF(O46-P46>0,O46-P46,0) -> 0 | R46: =IF(O46-P46<0,P46-O46,0) -> 0 | V46: 0 | W46: 0
A48: Fundraising | C48: 0 | D48: 0 | O48: =SUM(C48:C49,E48:E49,I48:I49,L48:L49,G48:G49) -> 0 | P48: =SUM(D48:D49,F48:F49,J48:J49,M48:M49,H48:H49) -> 0 | Q48: =IF(O48-P48>0,O48-P48,0) -> 0 | R48: =IF(O48-P48<0,P48-O48,0) -> 0 | V48: 0 | W48: 0
A50: Community programmes | C50: 0 | D50: 0 | O50: =SUM(C50:C52,E50:E52,I50:I52,L50:L52,G50:G52) -> 0 | P50: =SUM(D50:D52,F50:F52,J50:J52,M50:M52,H50:H52) -> 0 | Q50: =IF(O50-P50>0,O50-P50,0) -> 0 | R50: =IF(O50-P50<0,P50-O50,0) -> 0 | V50: 0 | W50: 0
A53: Repairs & upkeep | C53: 0 | D53: 0 | O53: =SUM(C53:C56,E53:E56,I53:I56,L53:L56,G53:G56) -> 0 | P53: =SUM(D53:D56,F53:F56,J53:J56,M53:M56,H53:H56) -> 0 | Q53: =IF(O53-P53>0,O53-P53,0) -> 0 | R53: =IF(O53-P53<0,P53-O53,0) -> 0 | V53: 3000 | W53: 0
A57: Donations | C57: 0 | D57: 0 | O57: =SUM(C57:C58,E57:E58,I57:I58,L57:L58,G57:G58) -> 0 | P57: =SUM(D57:D58,F57:F58,J57:J58,M57:M58,H57:H58) -> 0 | Q57: =IF(O57-P57>0,O57-P57,0) -> 0 | R57: =IF(O57-P57<0,P57-O57,0) -> 0 | V57: 3000 | W57: 0
A59: Cleaning | C59: 0 | D59: 0 | O59: =SUM(C59:C60,E59:E60,I59:I60,L59:L60,G59:G60) -> 0 | P59: =SUM(D59:D60,F59:F60,J59:J60,M59:M60,H59:H60) -> 0 | Q59: =IF(O59-P59>0,O59-P59,0) -> 0 | R59: =IF(O59-P59<0,P59-O59,0) -> 0 | V59: 0 | W59: 0
A61: Motor expenses | C61: 0 | D61: 0 | O61: =SUM(C61:C62,E61:E62,I61:I62,L61:L62,G61:G62) -> 0 | P61: =SUM(D61:D62,F61:F62,J61:J62,M61:M62,H61:H62) -> 0 | Q61: =IF(O61-P61>0,O61-P61,0) -> 0 | R61: =IF(O61-P61<0,P61-O61,0) -> 0 | V61: 0 | W61: 0
A63: Miscellaneous | C63: 0 | D63: 0 | O63: =SUM(C63:C64,E63:E64,I63:I64,L63:L64,G63:G64) -> 0 | P63: =SUM(D63:D64,F63:F64,J63:J64,M63:M64,H63:H64) -> 0 | Q63: =IF(O63-P63>0,O63-P63,0) -> 0 | R63: =IF(O63-P63<0,P63-O63,0) -> 0 | V63: 0 | W63: 0
A65: Bank chgs & interest | C65: 0 | D65: 0 | O65: =SUM(C65:C66,E65:E66,I65:I66,L65:L66,G65:G66) -> 0 | P65: =SUM(D65:D66,F65:F66,J65:J66,M65:M66,H65:H66) -> 0 | Q65: =IF(O65-P65>0,O65-P65,0) -> 0 | R65: =IF(O65-P65<0,P65-O65,0) -> 0 | V65: 0 | W65: 0
A67: Cleaning | C67: 0 | D67: 0 | O67: =SUM(C67:C68,E67:E68,I67:I68,L67:L68,G67:G68) -> 0 | P67: =SUM(D67:D68,F67:F68,J67:J68,M67:M68,H67:H68) -> 0 | Q67: =IF(O67-P67>0,O67-P67,0) -> 0 | R67: =IF(O67-P67<0,P67-O67,0) -> 0 | V67: 0 | W67: 0
A69: Building
C71: =SUM(C3:C70) -> 178763.21 | D71: =SUM(D3:D70) -> 169454.21 | E71: =SUM(E3:E70) -> 8010 | F71: =SUM(F3:F70) -> 8010 | G71: =SUM(G3:G70) -> 0 | H71: =SUM(H3:H70) -> 0 | I71: =SUM(I3:I70) -> 0 | J71: =SUM(J3:J70) -> 0 | L71: =SUM(L3:L70) -> 0 | M71: =SUM(M3:M70) -> 0 | O71: =SUM(O3:O70) -> 186773.21 | P71: =SUM(P3:P70) -> 177464.21 | Q71: =SUM(Q3:Q70) -> 184773.21 | R71: =SUM(R3:R70) -> 175464.21 | V71: 54298.57 | W71: 59697.65
K74: 1 | V74: 5399.08

Sheet BANK
A1: RECEIPTS
A2: Month | B2: Donations | C2: Rent | D2: Other | E2: Total | O2: Rental Income | Q2: Donatipn
B3: £ | C3: £ | D3: £ | E3: £
A4: 45323 | E4: =SUM(B4:D4) -> 0 | I4: Op balance | L4: 178763.21 | O4: 2580 | Q4: 150
A5: 2022/24 | B5: =SUM(Q14) -> 850 | C5: =SUM(O14) -> 5160 | E5: =SUM(B5:D5) -> 6010 | O5: 2580 | Q5: 500
A6: 2022/25 | E6: =SUM(B6:D6) -> 0 | I6: Bankings | L6: =SUM(E17) -> 6010 | N6: 13 jan..2026 | Q6: 200
A7: 2022/26 | E7: =SUM(B7:D7) -> 0
A8: 2022/27 | E8: =SUM(B8:D8) -> 0 | I8: Withdrawals | L8: =-B34-J34 -> -2000
A9: 2022/28 | B9: 0 | E9: =SUM(B9:D9) -> 0
A10: 2022/29 | B10: 0 | E10: =SUM(B10:D10) -> 0 | I10: cb balance | L10: =SUM(L4:L8) -> 182773.21
A11: 2022/30 | B11: 0 | E11: =SUM(B11:D11) -> 0
A12: 2022/31 | B12: 0 | E12: =SUM(B12:D12) -> 0 | I12: Bal per statement at 31/12/25 | L12: 190513.21
A13: 2022/32 | B13: 0 | E13: =SUM(B13:D13) -> 0
A14: 2022/33 | B14: 0 | E14: =SUM(B14:D14) -> 0 | O14: =SUM(O4:O13) -> 5160 | P14: =SUM(P4:P13) -> 0 | Q14: =SUM(Q4:Q13) -> 850 | R14: =SUM(O14:Q14) -> 6010
A15: 2022/34 | B15: 0 | E15: =SUM(B15:D15) -> 0
B16: 0 | E16: =SUM(B16:D16) -> 0
B17: =SUM(B4:B16) -> 850 | C17: =SUM(C4:C16) -> 5160 | D17: =SUM(D4:D16) -> 0 | E17: =SUM(E4:E16) -> 6010
A19: PAYMENTS
A20: Month | B20: Total | C20: Insurance | D20: Donation | E20: Maint | F20: Misc
B21: £ | C21: £ | D21: £ | E21: £ | F21: £
B22: =+SUM(C22:F22) -> 2000 | D22: 2000 | G22: pak sent
B23: =+SUM(C23:F23) -> 0
B24: =+SUM(C24:F24) -> 0
B25: =+SUM(C25:F25) -> 0
B26: =+SUM(C26:F26) -> 0
B27: =+SUM(C27:F27) -> 0
B28: =+SUM(C28:F28) -> 0
B29: =+SUM(C29:F29) -> 0
B30: =+SUM(C30:F30) -> 0
B31: =+SUM(C31:F31) -> 0
B32: =+SUM(C32:F32) -> 0
B33: =+SUM(C33:F33) -> 0
B34: =SUM(B22:B33) -> 2000 | C34: =SUM(C22:C33) -> 0 | D34: =SUM(D22:D33) -> 2000 | E34: =SUM(E22:E33) -> 0 | F34: =SUM(F22:F33) -> 0
N41: =SUM(O41:Z41) -> 18030 | O41: =SUM(O3:O39) -> 10320 | P41: =SUM(P3:P39) -> 0 | Q41: =SUM(Q3:Q40) -> 1700 | R41: =SUM(R3:R39) -> 6010 | S41: =SUM(S3:S39) -> 0 | T41: =SUM(T3:T39) -> 0 | U41: =SUM(U3:U38) -> 0 | V41: =SUM(V3:V38) -> 0 | W41: =SUM(W3:W38) -> 0 | X41: =SUM(X3:X38) -> 0 | Y41: =SUM(Y3:Y38) -> 0 | Z41: =SUM(Z3:Z38) -> 0

Sheet CASH EXPS
B1: RECEIPTS | D1: PAYMENTS | H1: Jumaha/Eid
A2: Period | B2: Donations | C2: Other | D2: Cash | E2: PPS | F2: Toiltery | G2: Books | H2: Traweeh | I2: Cleanings | J2: Fuel | K2: Repairs & capex | L2: Misc.
B3: £ | C3: £ | D3: £ | E3: £ | F3: £ | G3: £ | H3: £ | I3: £ | J3: £ | K3: £ | L3: £
D14: =SUM(E14:L14) -> 0 | E14: =SUM(E4:E13) -> 0 | F14: =SUM(F4:F13) -> 0 | G14: =SUM(G4:G13) -> 0 | H14: =SUM(H4:H13) -> 0 | I14: =SUM(I4:I13) -> 0 | J14: =SUM(J4:J13) -> 0 | K14: =SUM(K4:K13) -> 0 | L14: =SUM(L4:L13) -> 0
D17: Cash received Fee
D18: Donation/Quran Teaching | F18: 0
D21: cash out | F21: =-D14 -> 0
F23: =SUM(F18-F21) -> 0
N24: =SUM(E24:L24)-SUM(D24:D24) -> 0
N25: =SUM(E25:L25)-SUM(D25:D25) -> 0
N26: =SUM(E26:L26)-SUM(D26:D26) -> 0
N27: =SUM(E27:L27)-SUM(D27:D27) -> 0
N28: =SUM(E28:L28)-SUM(D28:D28) -> 0
N29: =SUM(E29:L29)-SUM(D29:D29) -> 0
N30: =SUM(E30:L30)-SUM(D30:D30) -> 0
N31: =SUM(E31:L31)-SUM(D31:D31) -> 0
N32: =SUM(E32:L32)-SUM(D32:D32) -> 0
N33: =SUM(E33:L33)-SUM(D33:D33) -> 0
N34: =SUM(E34:L34)-SUM(D34:D34) -> 0
N35: =SUM(E35:L35)-SUM(D35:D35) -> 0
... N82: =SUM(E82:L82)-SUM(D82:D82) -> 0
A83: 40751 | N83: =SUM(E83:L83)-SUM(D83:D83) -> 0
B84: =SUM(B4:B83) -> 0 | C84: =SUM(C4:C83) -> 0 | D84: =SUM(D4:D83) -> 0 | E84: =SUM(E4:E83) -> 0 | F84: =SUM(F4:F83) -> 0 | G84: =SUM(G4:G83) -> 0 | H84: =SUM(H4:H83) -> 0 | I84: =SUM(I4:I83) -> 0 | ... L84: =SUM(L4:L83) -> 0 | N84: =SUM(E84:L84)-SUM(D84:D84) -> 0
B87: P & L | C87: =SUM(B84-SUM(E84:G84,I84:J84,L84)) -> 0
A96: 2012/13
B109: =SUM(B97:B108) -> 0 | D109: =SUM(D97:D108) -> 0 | E109: =SUM(E97:E108) -> 0 | F109: =SUM(F97:F108) -> 0 | G109: =SUM(G97:G108) -> 0 | H109: =SUM(H97:H108) -> 0 | I109: =SUM(I97:I108) -> 0 | J109: =SUM(J97:J108) -> 0 | K109: =SUM(K97:K108) -> 0 | L109: =SUM(L97:L108) -> 0

Sheet WORKINGS

Sheet OSCR Notes
A2: 1 | B2: Independent examiner's report
B3: Last paragraph should be as follows, (if no matters to report):
B5: Independent examiner’s statement
B6: In the course of my examination, no matter has come to my attention
B7: 1. which gives me reasonable cause to believe that in any material respect the requirements:
B8: • to keep accounting records in accordance with Section 44(1) (a) of the 2005 Act and Regulation 4 of the
B9: 2006 Accounts Regulations, and
B10: • to prepare accounts which accord with the accounting records and comply with Regulation 8 of the 2006
B11: Accounts Regulations
B12: have not been met.
A15: 2 | B15: The total funds at SOFA should be reconciled to the balance sheet funds.
B16: This reconciliation should be at the bottom of SOFA.
